 Dungeon Crawl Stone Soup version 0.31.0 (webtiles) character file.

Game seed: 13855376871210848289

226 Arcadio the Trooper (level 5, -6/72 HPs)
             Began as a Minotaur Berserker on Jan 19, 2024.
             Was a Believer of Trog.
             Killed by divine providence
             ... invoked by an orc priest
              (12 damage)
             ... on level 4 of the Dungeon.
             The game lasted 00:04:54 (2637 turns).

Arcadio the Trooper (Minotaur Berserker)            Turns: 2637, Time: 00:04:55

Health: -6/72      AC: 11    Str: 24    XL:     5   Next: 69%
Magic:  4/4        EV:  9    Int:  4    God:    Trog [**....]
Gold:   161        SH:  0    Dex:  9    Spells: 4/4 levels left

rFire   . . .        a - +1 hand axe
rCold   + . .        (no shield)
rNeg    . . .        f - +0 chain mail {rC+}
rPois   .            (helmet restricted)
rElec   .            (no cloak)
rCorr   .            (no gloves)
SInv    .            x - +1 pair of boots
Will    .....        (no amulet) Stlth
                     (no ring)
HPRegen 0.32/turn    (no ring)
MPRegen 0.09/turn

%: no passive effects
@: berserking (expiring), very quick
A: horns 2, retaliatory headbutt
a: Renounce Religion, Berserk, Trog's Hand


You were on level 4 of the Dungeon.
You worshipped Trog.
Trog was pleased with you.
You visited 2 branches of the dungeon, and saw 5 of its levels.

You collected 161 gold pieces.

Inventory:

Hand Weapons
 a - a +1 hand axe (weapon)
Missiles
 p - a throwing net (quivered)
Armour
 b - a +0 animal skin
 c - a +0 scale mail
 f - a +0 chain mail of cold resistance (worn)
 g - a +0 tower shield
 k - a +0 pair of boots
 n - a +0 chain mail of fire resistance
 x - a +1 pair of boots (worn)
Scrolls
 d - a scroll of enchant weapon
 e - a scroll of immolation
 h - a scroll of poison
 j - a scroll of teleportation
 l - a scroll of fear
 q - a scroll of blinking
 v - a scroll of noise {unknown}
 w - a scroll of amnesia {unknown}
Potions
 i - a potion of lignification {unknown}
 m - a potion of mutation {unknown}
 o - a potion of curing
 s - a potion of degeneration {unknown}
 t - a potion of berserk rage {unknown}
 u - 3 potions of resistance {unknown}


   Skills:
 + Level 5.4 Fighting
 + Level 5.3 Axes
 + Level 4.5 Armour
 - Level 2.1 Dodging


You had 4 spell levels left.
You didn't know any spells.
Your spell library was empty.

Dungeon Overview and Level Annotations

Branches:
Dungeon (4/15) Zot: 21371  Temple (1/1) D:4 Zot: 5996

Altars:
Ashenzari
Cheibriados
Dithmenos
Elyvilon
Fedhas
Gozag
Hepliaklqana
Kikubaaqudgha
Nemelex Xobeh
Okawaru
Ru
Vehumet
Wu Jian
Xom
Zin
The Shining One


Innate Abilities, Weirdness & Mutations

You have a pair of horns on your head.
You reflexively headbutt those who attack you in melee.


Message History

You hit the orc priest.
The orc priest is almost dead.
You hit the orc priest.
The orc priest calls upon Beogh to heal the orc priest.
The orc priest's wounds heal themselves!
The orc priest barely misses you.
You closely miss the orc priest. You closely miss something.
The orc priest hits you but does no damage.
The orc priest barely misses you.
The orc priest invokes the aid of Beogh against you.
Beogh smites you!
* * * LOW HITPOINT WARNING * * *
It was a potion of curing.
You feel better. Something hits you but does no damage.
A red film seems to cover your vision as you go berserk!
You feel yourself moving faster!
You feel mighty!
You hear the rusting of a very distant drain.
Something hits you.
You slash something! Something hits you.
* * * LOW HITPOINT WARNING * * *
You barely miss something. Your headbutt misses something.
Something hits you but does no damage.
You miss something.
The orc priest mumbles some strange prayers to Beogh against you.
Beogh smites you!
* * * LOW HITPOINT WARNING * * *
Something hits you but does no damage.
You closely miss something. You barely miss something.
Your headbutt misses something.
The orc priest mumbles some strange prayers to Beogh against you.
Something writhes in agony.
You hear some strange, mumbled words.
Something tries to affect you, but you resist.
You barely miss something. Something hits you but does no damage.
You are too berserk!
You closely miss something. You miss something.
The orc priest calls down the wrath of Beogh upon you.
Beogh smites you!
You die...

#.# #.# ###.# ###.#### ...
....# #<.....# .o# #####
#.#.##.# #.# # #.#.##.# #.#
## ####.#.##.# #.## .#
#......##.# #..##
..###....####.######...####
..+.............@{o.......+
..###....####.####oo...####
.## #.#.......# #.##.## ##
#.######### #.# ## #
#.##### #.# #.....# #.#
#####.# #.# #.# #.# #.#


You could see 2 orc priests and an orc.

Vanquished Creatures
  2 hounds (D:4)
  An orc priest (D:3)
  An orc wizard (D:3)
  3 adders
  5 dart slugs (D:1)
  A ribbon worm (D:2)
  8 orcs (D:3)
  6 endoplasms
  3 giant cockroaches
  5 goblins
  7 hobgoblins
  3 kobolds
  2 quokkas
  4 ball pythons
  5 bats
  2 frilled lizards (D:1)
  4 rats
62 creatures vanquished.

Notes
Turn   | Place    | Note
-------+----------+-------------------------------------------
     0 | D:1      | Arcadio the Minotaur Berserker began the quest for the Orb.
     0 | D:1      | Reached XP level 1. HP: 19/19 MP: 0/0
   182 | D:1      | Reached XP level 2. HP: 27/27 MP: 1/1
   344 | D:1      | Found a faded altar of an unknown god.
   751 | D:1      | Reached XP level 3. HP: 33/33 MP: 2/2
  1159 | D:2      | Reached ** piety under Trog
  1752 | D:3      | Reached XP level 4. HP: 38/41 MP: 3/3
  1961 | D:3      | Reached skill level 5 in Fighting
  1970 | D:3      | Reached skill level 5 in Axes
  1970 | D:3      | Reached XP level 5. HP: 48/48 MP: 4/4
  2565 | D:4      | Found a staircase to the Ecumenical Temple.
  2575 | Temple   | Entered the Ecumenical Temple
  2637 | D:4      | Killed from afar by an orc priest

Illustrated notes

Levels and vault maps discovered:
D:1:      amcnicky_arrival_wind_blow, layout_loops_corners,
          ebering_ecumenical_altar_box, minmay_pentomino_z4
D:2:      layout_loops_ring
D:3:      layout_loops_ring, minmay_stone_trees_small
D:4:      layout_loops_corners, yredelemnul_forgotten_temple_becter,
          minmay_temple_entry_antechambers, portal_sewer_entry_d
Temple:   eino_temple_scatter_basement

Skill      XL: |  1  2  3  4 |
---------------+-------------+-----
Axes           | 4 5 |  5.3
Fighting       | 4 5 |  5.4
Armour         | 3 4 |  4.5
Dodging        | |  2.1

Action                     |  1- 3 |  4- 6 || total
---------------------------+-------+-------++-------
  Melee: Hand axe          |    90 |    66 ||   156
         Headbutt          |     8 |     7 ||    15
         Punch             |       |     1 ||     1
 Invoke: Berserk           |       |     1 ||     1
    Use: Potion            |     3 |     1 ||     4
         Scroll            |     2 |     4 ||     6
 Armour: Scale mail        |     8 |       ||     8
         Skin              |     2 |       ||     2
         Chain mail        |    60 |    46 ||   106
  Dodge: Dodged            |    49 |    27 ||    76
